AoeStats
← Seeker

MegaRandom

505350177Analyzed
3v3 RM · 22d ago on Sep 9, 2026· 26m 1s· 6 players
Game mode
Random Map
Map size
Normal (6 player)
Population
200
Speed
Normal
Resources
Standard
Victory
Conquest
Starting age
Dark Age
Ending age
Imperial Age
RankedLock teamsTeams togetherTeam positionsShared explorationLock speedFull tech treeHidden civsTurbo modeCheats
Victory
Defeat
🇨🇱 Magyars · Chile
1087
+13
1081
+13
🇨🇱 Ethiopians · Chile
989
+17
🇲🇽 Italians · Mexico
1127
-19
🇲🇽 Japanese · Mexico
1042
-15
🇲🇽 Byzantines · Mexico
879
-9
Seeker
4:15 Loom
10:45 Feudal Age
19:01 Castle Age
19:36 Fletching
24:45 Corvinian Army
25:20 Double-Bit Axe
TomyShelby CABALLEROSUPERELEGANT
11:39 Feudal Age
15:56 Castle Age
18:14 Double-Bit Axe
19:09 Horse Collar
20:21 Fletching
20:35 Loom
21:35 Bodkin Arrow
24:26 Padded Archer Armor
PotroLeyan
10:13 Feudal Age
11:28 Loom
12:08 Double-Bit Axe
20:28 Castle Age
19:13 Horse Collar
19:26 Stone Mining
23:01 Husbandry
Faruk4999
9:47 Feudal Age
15:05 Castle Age
15:12 Arson
15:15 Double-Bit Axe
15:13 Horse Collar
20:14 Loom
23:10 Pikeman
Kiko10200
7:35 Loom
9:48 Feudal Age
10:36 Double-Bit Axe
13:34 Wheelbarrow
16:09 Castle Age
14:55 Gold Mining
14:58 Stone Mining
16:14 Fletching
18:19 Horse Collar
22:54 Bow Saw
24:13 Hand Cart
26:16 Padded Archer Armor
arKaon 595
11:04 Feudal Age
14:56 Loom
15:02 Double-Bit Axe
21:57 Fletching
Connection lost

Rejoining the realm…

Still unreachable

The connection could not be restored.

Session expired

The server has moved on; the page needs a fresh start.